 Dungeon Crawl Stone Soup version 0.18-a0-1577-gf591c28 (console) character file.

404 Liam the Magician (level 6, -5/48 HPs)
             Began as a Deep Elf Conjurer on Mar 17, 2016.
             Killed from afar by an orc wizard (6 damage)
             ... with a magic dart
             ... on level 4 of the Dungeon on Mar 18, 2016.
             The game lasted 00:06:31 (2776 turns).

Liam the Magician (Deep Elf Conjurer)               Turns: 2776, Time: 00:06:31

Health: -5/48      AC:  2    Str:  8 (10) XL:     6   Next: 56%
Magic:  1/18       EV: 13    Int: 21 (22) God:
Gold:   194        SH:  0    Dex: 14 (15) Spells: 3 memorised, 9 levels left

rFire  . . .     SeeInvis .     (no weapon)
rCold  . . .     Gourm    .     a - +0 robe
rNeg   . . .     Faith    .     (no shield)
rPois  .         Spirit   .     (no helmet)
rElec  .         Dismiss  .     (no cloak)
rCorr  .         Reflect  .     (no gloves)
SustAt .         Harm     .     (no boots)
MR     .....                    (no amulet)
Stlth  ..........               (no ring)
                                (no ring)

@: berserking (expiring), very quick, not resistant to hostile enchantments,
extremely unstealthy
A: no striking features
a: no special abilities


You were on level 4 of the Dungeon.
You were not hungry.

You visited 1 branch of the dungeon, and saw 4 of its levels.

You collected 194 gold pieces.

Inventory:

Armour
 a - a +0 robe (worn)
Scrolls
 e - a scroll of identify {unknown}
 f - a scroll of amnesia {unknown}
 h - 3 scrolls of recharging {unknown}
 k - a scroll of remove curse {unknown}
 l - 2 scrolls of fog {unknown}
 m - 2 scrolls of teleportation {unknown}
 o - a scroll of noise {unknown}
 q - a scroll of magic mapping {unknown}
Potions
 i - 2 potions of curing
 j - a potion of cancellation {unknown}
 n - a potion of berserk rage
 p - a potion of resistance {unknown}
 r - a potion of experience {unknown}
Books
 b - a book of Conjurations

   Spells                             Type                      Level
   a - Magic Dart                     Conjuration                  1
   b - Searing Ray                    Conjuration                  2
   c - Dazzling Spray                 Conjuration/Hexes            3
   d - Fulminant Prism                Conjuration/Hexes            4
   e - Iskenderun's Mystic Blast      Conjuration                  4
   f - Iskenderun's Battlesphere      Conjuration/Charms           5
Comestibles
 c - 5 bread rations
 d - 2 meat rations
 s - a chunk of flesh


   Skills:
 - Level 2.4 Dodging
 - Level 2.4 Stealth
 + Level 7.0 Spellcasting
 + Level 6.8 Conjurations


You had 9 spell levels left.
You knew the following spells:

 Your Spells              Type           Power        Failure   Level  Hunger
a - Magic Dart            Conj           ####         1%          1    None
p - Iskenderun's Battles  Conj/Chrm      ###.....     67%         5    #####..
x - Iskenderun's Mystic   Conj           #####...     6%          4    ###....


Dungeon Overview and Level Annotations

Branches:
Dungeon (4/15)
 Temple: D:4-7

Altars:
Cheibriados
Dithmenos
Nemelex Xobeh
Pakellas
Sif Muna
Zin
The Shining One


Message History

The orc wizard hits you with a dagger.
* * * LOW HITPOINT WARNING * * *
Drink which item? (? for menu, Esc to quit)
It was a potion of berserk rage.
A red film seems to cover your vision as you go berserk!
You feel yourself moving faster!
You feel mighty! The orc priest hits you with a flail!
* * * LOW HITPOINT WARNING * * *
The orc wizard misses you.
Unknown command.
You are too berserk!
You feel a strong urge to attack something.
The orc wizard hits you with a dagger.
* * * LOW HITPOINT WARNING * * *
The orc wizard casts a spell.
The orc wizard blinks!
You feel your anger subside.
The orc wizard points at you and mumbles some strange words.
The magic dart hits you!
You die...

... ##......# ...
#>.##.......# ###....
#..........###.......
#..........÷†....#
#.........#....##
##.........###.o.#
#.........## ##...#
##....÷....# )...
#.....o...@# #..
#.....>§..## .
##.....o.## ..S.
##..#...### ...
#..###.## .. #.## ###
. ##.# ##.## #.##


You could see an orc priest and an orc wizard.

Vanquished Creatures
  A water moccasin (D:4)
  An ogre (D:4)
  A hound (D:4)
  An orc priest (D:3)
  2 worker ants (D:4)
  5 adders
  An ooze (D:4)
  2 worms
  A dart slug (D:2)
  3 giant geckos
  3 orcs
  A giant cockroach (D:1)
  3 goblins (D:2)
  5 hobgoblins
  7 kobolds
  A quokka (D:2)
  4 bats
  7 giant newts
  2 jackal skeletons (D:4)
  3 rats
54 creatures vanquished.

Vanquished Creatures (others)
  A deep elf annihilator (D:3)
1 creature vanquished.

Grand Total: 55 creatures vanquished

Notes
Turn   | Place    | Note
--------------------------------------------------------------
     0 | D:1      | Liam the Deep Elf Conjurer began the quest for the Orb.
     0 | D:1      | Reached XP level 1. HP: 10/10 MP: 6/6
   161 | D:1      | Reached XP level 2. HP: 15/15 MP: 3/8
   502 | D:2      | Reached skill level 4 in Spellcasting
   549 | D:2      | Reached skill level 5 in Conjurations
   612 | D:2      | Found a shadowy altar of Dithmenos.
   651 | D:2      | Reached XP level 3. HP: 19/19 MP: 5/10
   869 | D:2      | Found a glowing golden altar of the Shining One.
  1081 | D:3      | Found a deep blue altar of Sif Muna.
  1081 | D:3      | Found a glowing silver altar of Zin.
  1081 | D:3      | Found a snail-covered altar of Cheibriados.
  1489 | D:4      | Reached XP level 4. HP: 21/24 MP: 6/12
  1524 | D:4      | Learned a level 4 spell: Iskenderun's Mystic Blast
  1598 | D:4      | Noticed an ogre
  1600 | D:4      | Noticed a water moccasin
  1634 | D:4      | Killed an ogre
  1634 | D:4      | Reached skill level 5 in Spellcasting
  1634 | D:4      | Reached XP level 5. HP: 14/28 MP: 0/15
  1968 | D:3      | Found an oddly glowing altar of Pakellas.
  1969 | D:3      | Noticed a deep elf annihilator
  1976 | D:3      | Killed a deep elf annihilator
  2205 | D:3      | Learned a level 5 spell: Iskenderun's Battlesphere
  2279 | D:4      | Reached skill level 6 in Spellcasting
  2285 | D:4      | Found a sparkling altar of Nemelex Xobeh.
  2312 | D:4      | Reached XP level 6. HP: 32/32 MP: 6/17
  2490 | D:4      | Killed a water moccasin
  2682 | D:4      | Reached skill level 7 in Spellcasting
  2773 | D:4      | HP: 1/48 [orc wizard/dagger (3)]
  2776 | D:4      | Killed from afar by an orc wizard

Vault maps used:
D:1:      saegor_arrival_simple_a, hangedman_decor_push
D:2:      nicolae_tso_swordbearing_angel,
          nicolae_dithmenos_through_a_glass_darkly
D:3:      gammafunk_pakellas_spire_experiment, grunt_temple_overflow_open
D:4:      nemelex_deck, first_bread

Skill      XL: |  1  2  3  4  5  6 |
---------------+-------------------+-----
Spellcasting   | 4 5 6 7 |  7.0
Conjurations   | 5 6 |  6.8
Dodging        | |  2.4
Stealth        | |  2.4

Action                   |  1- 3 |  4- 6 || total
-------------------------+-------+-------++-------
Melee: Unarmed           |     3 |     1 ||     4
 Cast: Magic Dart        |    71 |    64 ||   135
       Iskenderun's Myst |       |     6 ||     6
  Use: Potion            |       |     3 ||     3
       Scroll            |       |     1 ||     1
  Eat: Chunk             |     1 |     3 ||     4
       Royal jelly       |       |     1 ||     1
